 Dungeon Crawl Stone Soup version 0.25-a0-707-g603da076d2 (webtiles) character file.

Game seed: 1663612049994350942, levelgen mode: classic

292997 EnegeticOcto the Champion of Chaos (level 19, -5/195 HPs)
             Began as a Deep Dwarf Fighter on Apr 4, 2020.
             Was the Champion of Makhleb.
             Slain by a vampire knight
             ... wielding a +1 great mace
              (11 damage)
             ... on level 2 of the Depths.
             The game lasted 00:20:16 (17065 turns).

EnegeticOcto the Champion of Chaos (DDFi)          Turns: 17065, Time: 00:20:17

Health: -5/195     AC: 23    Str: 28    XL:     19   Next: 57%
Magic:  12/12 (3)  EV: 17    Int: 13    God:    Makhleb [******]
Gold:   1651       SH: 15    Dex: 12    Spells: 18/18 levels left

rFire    + + .     SeeInvis .   a - +5 broad axe (elec)
rCold    + . .     Gourm    .   c - +1 kite shield
rNeg     + + +     Faith    .   t - +2 chain mail {rPois}
rPois    +         Spirit   .   F - +2 helmet
rElec    +         Reflect  .   J - scarf {rC+ rF+}
rCorr    .         Harm     +   (no gloves)
MR       ++...                  p - +2 pair of boots
Stlth    ..........             g - amulet of harm
HPRegen  0.00/turn              G - ring of Bagar {rElec rF+ rN+++ EV+1 Stlth-}
MPRegen  0.13/turn              O - ring of Ascent {MP+9 EV+4 Int+4}

@: flayed, non-regenerating
A: damage resistance, heal wounds, hooves 1, rugged brown scales 1, blurry
vision 1, low mp 1, negative energy resistance 1, sense surroundings 3, no
regeneration
}: 3/15 runes: serpentine, barnacled, slimy
a: Heal Wounds, Minor Destruction, Lesser Servant of Makhleb, Major Destruction,
Greater Servant of Makhleb, Renounce Religion


You were on level 2 of the Depths.
You worshipped Makhleb.
Makhleb was exalted by your worship.
You were full.

You visited 7 branches of the dungeon, and saw 36 of its levels.
You also visited: Volcano.

You collected 2039 gold pieces.
You spent 388 gold pieces at shops.

Inventory:

Hand Weapons
 a - a +5 broad axe of electrocution (weapon)
 N - a +2 short sword of distortion
Missiles
 T - 5 throwing nets (quivered)
Armour
 c - a +1 kite shield (worn)
 p - a +2 pair of boots (worn)
 t - a +2 chain mail of poison resistance (worn)
 z - a +0 tower shield
 F - a +2 helmet (worn)
 J - a scarf of resistance (worn)
 K - a +0 plate armour of fire resistance
Jewellery
 f - a +2 ring of evasion {unknown}
 g - an amulet of harm (around neck)
 i - a +2 ring of strength
 o - an uncursed ring of resist corrosion
 w - an uncursed ring of see invisible
 G - the ring of Bagar (left hand) {rElec rF+ rN+++ EV+1 Stlth-}
   (You found it on level 15 of the Dungeon)

   [ring of evasion]

   It affects your evasion (+1).
   It protects you from fire.
   It insulates you from electricity.
   It renders you almost immune to negative energy.
   It makes you less stealthy.
 O - the ring of Ascent (right hand) {MP+9 EV+4 Int+4}
   (You found it on level 5 of the Pits of Slime)

   [ring of evasion]

   It affects your evasion (+4).
   It affects your intelligence (+4).
   It affects your magic capacity (+9).
Wands
 s - a wand of flame (69) {@v3}
 u - a wand of acid (31) {@v1}
 x - a wand of polymorph (25)
 A - a wand of iceblast (10)
 D - a wand of clouds (4)
 E - a wand of paralysis (17)
 R - a wand of scattershot (7)
Scrolls
 d - 9 scrolls of remove curse {@r6}
 h - 3 scrolls of enchant armour
 y - 3 scrolls of fog
 H - a scroll of magic mapping {@r5}
 P - 2 scrolls of vulnerability
 Q - 2 scrolls of blinking {@r3}
 S - 10 scrolls of teleportation {@r2}
 U - a scroll of torment
Potions
 b - 6 potions of curing {@q1}
 j - a potion of stabbing {@q5}
 k - 3 potions of might {@q3}
 l - 5 potions of heal wounds {@q2}
 m - 2 potions of resistance {@q6}
 n - 3 potions of haste {@q4}
 q - 5 potions of mutation
 r - 4 potions of magic
 B - 2 potions of lignification {@q7}
 C - 4 potions of berserk rage
 M - 3 potions of flight
Miscellaneous
 I - 2 boxes of beasts
Comestibles
 e - 48 rations
 v - 6 chunks of flesh


   Skills:
 * Level 16.6 Fighting
 - Level 18.0 Axes
 + Level 14.4 Armour
 + Level 7.4 Dodging
 + Level 14.4 Shields
 - Level 18.5 Invocations


You had 18 spell levels left.
You didn't know any spells.
Your spell library was empty.

Dungeon Overview and Level Annotations

Branches:
Dungeon (15/15)            Temple (1/1) D:6            Lair (5/6) D:9
 Shoals (4/4) Lair:4        Snake (4/4) Lair:4        Slime (5/5) Lair:5
    Orc (0/2) D:12         Vaults (0/5) D:13         Depths (2/5) D:15
Volcano (visited)

Altars:
Ashenzari
Elyvilon
Fedhas
Gozag
Hepliaklqana
Kikubaaqudgha
Makhleb
Okawaru
Qazlal
Sif Muna
Vehumet
Wu Jian
Xom
Yredelemnul
Zin
The Shining One
Jiyva

Shops:
D:4 *   D:7 [   D:11 *

Portals:
Hell: Depths:2
Abyss: Shoals:3

Annotations:
D:12 3 runed translucent doors, p0werm0de's ghost, journeyman DDFi
D:14 3 runed translucent doors, Texzaeze's ghost, journeyman TrTm
Shoals:1 1 runed translucent door, Meunluxu's ghost, adept NaFi
Shoals:3 2 transporters, Buowofek's ghost, journeyman MiFi
Shoals:4 1 runed translucent door, EnegeticOcto's ghost, journeyman DDFi


Innate Abilities, Weirdness & Mutations

You are resistant to damage.
You can heal yourself by infusing magical energy.
You resist negative energy. (rN+)
You passively map a large area around you.
You do not regenerate.
You have large cloven feet.
You are partially covered in rugged brown scales. (AC +1, +3% HP)
Scrolls take you a little longer to read.
Your magical capacity is low. (-10% MP)


Message History

You are too injured to fight recklessly!
You are too injured to fight recklessly!
You are too injured to fight recklessly!
You are too injured to fight recklessly!
You are too injured to fight recklessly!
You are too injured to fight recklessly!
You feel much better.
The cacodemon gestures next to the ogre mage.
Some rock shatters into small pieces.
The flayed ghost cries, "Feel what I felt!"
Terrible wounds open up all over your body!
The spriggan defender closely misses you.
You block the spriggan defender's attack.
You block the ogre mage's attack.
You hear some strange, mumbled words.
You hear a shout!
You feel much better.
The spriggan defender closely misses you.
Something touches you.
The cacodemon gestures next to the shadow demon.
Some rock shatters into small pieces.
The spriggan defender hits you but does no damage.
Something hits you but does no damage. Something bites you.
The vampire knight hits you with a +0 long sword of flaming.
The vampire knight bites you but does no damage.
The flayed ghost cries, "Suffer as I suffered!"
Terrible wounds spread across more of your body!
* * * LOW HITPOINT WARNING * * *
You block the ogre mage's attack.
You hit something but do no damage. You hit the vampire knight.
You closely miss something. You hit the spriggan defender.
The spriggan defender blocks your attack.
You block the spriggan defender's attack.
The spriggan defender hits you but does no damage.
Something closely misses you. Something hits you!
* * * LOW HITPOINT WARNING * * *
Something barely misses you.
The spriggan defender barely misses you.
You hear some strange, mumbled words.
You hit something. Lightning courses through something!
You hit the vampire knight but do no damage.
Lightning courses through the vampire knight!!
You closely miss something.
The spriggan defender blocks your attack.
You slash the spriggan defender!
Lightning courses through the spriggan defender!
You block the spriggan defender's attack.
You block the vampire knight's attack. The vampire knight bites you!
* * * LOW HITPOINT WARNING * * *
The ogre mage hits you but does no damage.
Something touches you but does no damage.
The spriggan defender hits you with a +0 rapier of protection!
* * * LOW HITPOINT WARNING * * *
Your magical essence is drained by the effort!
You feel much better. Something hits you but does no damage.
Something bites you!
* * * LOW HITPOINT WARNING * * *
The spriggan defender completely misses you.
You block the ogre mage's attack. The spriggan defender misses you.
The vampire knight hits you with a +0 long sword of flaming!
* * * LOW HITPOINT WARNING * * *
The vampire knight burns you. The vampire knight closely misses you.
Something touches you but does no damage.
The cacodemon gestures next to you.
Some rock shatters into small pieces.
Something hits you but does no damage. You block something's attack.
You completely miss something. You slash the vampire knight!
You miss something. You slice the spriggan defender!!
You closely miss the spriggan defender.
The spriggan defender hits you with a +6 war axe of electrocution!
* * * LOW HITPOINT WARNING * * *
The spriggan defender completely misses you.
The ogre mage completely misses you.
Something touches you but does no damage.
You closely miss something. You slash the vampire knight!
Lightning courses through the vampire knight!!
You destroy the vampire knight!
Makhleb accepts your kill.
You slice the flayed ghost!! You slash something!
The spriggan defender blocks your attack.
You closely miss the spriggan defender.
The spriggan defender completely misses you.
Something hits you but does no damage. Something bites you but does no damage.
The spriggan defender hits you but does no damage.
A spriggan rider comes into view. It is wielding a +3 quick blade.
The ogre mage hits you from afar with a cursed -1 spear.
* * * LOW HITPOINT WARNING * * *
You closely miss something. You miss something. You slice the flayed ghost!!
You slash something! You slash the spriggan defender!
You kill the spriggan defender!
Makhleb accepts your kill.
You feel better.
The spriggan defender blocks your attack.
The spriggan defender hits you with a +6 war axe of electrocution.
* * * LOW HITPOINT WARNING * * *
Something hits you!
* * * LOW HITPOINT WARNING * * *
Something burns you. Something bites you.
* * * LOW HITPOINT WARNING * * *
Something hits you!
You die...

............R..$........
#..V.W...............8
#.#.#<)............# **
# ##.)()..........#* ,,
,*##.#...#.......# *
##.......[....## * *
##.......W21..# * ,
......i2.{{OR#####** ,
........#W@iCR...... *
..#..R...#..)##.####.* ,
#....#.......# * *
....#.......#* , , ,
.........# * , ,, ,
........... * ,
,........8..#* ,** * ,
,............ ** ,,,, ,
,, , , **


You could see a cacodemon, a spriggan defender, an ettin, an Executioner, 2
rakshasas, a spriggan rider, 2 flayed ghosts, an ogre mage and a shadow demon.

Vanquished Creatures
  the Royal Jelly (Slime:5)
  Rupert (Lair:3)
  Jorgrun (Snake:2)
  16 acid blobs
  A tengu reaver (D:15)
  5 azure jellies
  6 nagarajas
  A fire giant (Depths:1)
  3 frost giants
  A spriggan defender (Depths:2)
  3 stone giants
  A vampire knight (Depths:2)
  Nessos (D:15)
  3 merfolk javelineers
  4 ettins
  2 fire dragons
  14 merfolk impalers
  9 death oozes
  2 great orbs of eyes (Slime:5)
  3 jiangshi (Depths:1)
  A yaktaur captain (D:15)
  3 ice dragons
  3 rakshasas (D:15)
  2 ogre magi (D:15)
  8 vault guards
  5 anacondas
  2 merfolk avatars (Shoals:4)
  6 hydras
  2 death knights (D:15)
  An alligator snapping turtle (Shoals:4)
  Erica (D:8)
  9 naga warriors
  A vampire mage (Depths:1)
  A satyr (Shoals:4)
  10 two-headed ogres
  3 tengu warriors
  2 merfolk aquamancers
  4 centaur warriors
  A deep troll shaman (D:15)
  A death yak (Lair:4)
  5 shock serpents
  A spriggan berserker (Depths:2)
  13 naga sharpshooters
  2 fire crabs
  A skeletal warrior (D:15)
  2 sea snakes
  A salamander mystic (Snake:3)
  8 naga ritualists
  A wizard (D:15)
  3 lindwurms
  Pikel (D:7)
  A wolf spider zombie (D:15)
  2 mana vipers
  14 harpies
  A phantasmal warrior (D:15)
  2 necromancers (D:15)
  An obsidian statue (Volcano)
  4 cyclopes
  14 manticores
  12 ugly things
  5 shining eyes
  4 fauns (Shoals:4)
  4 salamanders
  4 deep elf magi
  8 merfolk sirens
  4 guardian serpents
  8 black mambas
  11 naga magi
  2 centaur zombies
  An eye of devastation (Slime:2)
  13 elephants
  2 gargoyles
  4 water nymphs
  A torpor snail (Lair:3)
  6 komodo dragons
  3 yaktaurs (D:15)
  8 spiny frogs
  3 freezing wraiths
  2 kobold demonologists
  2 yaktaurs (shapeshifter)
  A queen bee (D:11)
  2 meliai (D:15)
  29 merfolk
  5 wind drakes
  5 polar bears (Lair:4)
  6 trolls
  4 hornets
  2 blink frogs (shapeshifter) (D:15)
  55 slime creatures
  9 snapping turtles
  A dream sheep (Shoals:3)
  9 hippogriffs
  A vampire (D:12)
  A redback (D:13)
  38 yaks
  11 water elementals
  3 wyverns
  A spriggan (D:15)
  A human (D:8)
  A wraith (D:11)
  8 fire bats
  4 basilisks
  2 hungry ghosts
  A hog (D:15)
  3 vampire mosquitoes (D:15)
  3 steam dragons
  An acid dragon (D:13)
  21 nagas
  2 floating eyes (D:15)
  6 porcupines
  3 water moccasins
  8 orc warriors
  5 ice beasts
  3 slaves (D:7)
  A hornet zombie (D:8)
  4 sky beasts
  5 black bears
  4 eyes of draining
  A necrophage (D:12)
  2 phantoms
  4 boggarts (Depths:2)
  6 wolves (Lair:4)
  8 ogres
  26 centaurs
  2 big kobolds
  5 crocodiles
  13 bullfrogs
  A scorpion (D:5)
  24 killer bees (D:11)
  10 wights
  2 electric eels (Lair:4)
  2 howler monkeys
  2 bullfrog zombies
  9 crimson imps
  9 lava snakes
  2 quasits
  7 orc priests
  4 jellies
  6 centaur skeletons
  A bullfrog skeleton (D:6)
  8 hounds
  12 orc wizards
  9 iguanas
  15 worker ants
  A howler monkey zombie (D:5)
  13 adders
  A river rat (D:4)
  2 shadow imps (D:14)
  4 oozes (Lair:5)
  An adder zombie (D:8)
  7 leopard geckos
  39 orcs
  2 ball pythons (D:4)
  3 bats
  4 giant cockroaches
  A goblin (D:2)
  3 hobgoblins
  5 jackals
  6 quokkas
  A frilled lizard (D:2)
  A jackal zombie (D:5)
  9 kobolds
  A quokka zombie (D:9)
  3 rats
  A fungus (Lair:3)
  6 plants
901 creatures vanquished.

Vanquished Creatures (collateral kills)
  Kirke (D:15)
  A nagaraja (Snake:4)
  An azure jelly (Slime:5)
  A fire dragon (D:15)
  3 hydras
  A merfolk avatar (Shoals:4)
  2 naga warriors (Snake:4)
  2 naga sharpshooters (Snake:4)
  A cyclops (Shoals:3)
  A black mamba (Snake:4)
  2 naga magi (Snake:4)
  A centaur skeleton (D:15)
  5 merfolk
  A dream sheep (Shoals:3)
  A snapping turtle (Shoals:4)
  3 water elementals
  A naga (Snake:4)
28 creatures vanquished.

Vanquished Creatures (others)
  A great orb of eyes (Depths:2)
  A merfolk (Shoals:1)
  3 humans (D:15)
  An acid dragon (D:15)
  3 fungi
  12 plants
  A withered plant (Shoals:1)
22 creatures vanquished.

Grand Total: 951 creatures vanquished

Notes
Turn   | Place    | Note
-------+----------+-------------------------------------------
     0 | D:1      | EnegeticOcto the Deep Dwarf Fighter began the quest for the
                  | Orb.
     0 | D:1      | Reached XP level 1. HP: 20/20 MP: 1/1
    58 | D:2      | Reached XP level 2. HP: 28/28 MP: 1/1
   195 | D:2      | Reached XP level 3. HP: 34/34 MP: 2/2
   473 | D:4      | Reached XP level 4. HP: 28/42 MP: 3/3
   517 | D:4      | Reached XP level 5. HP: 49/50 MP: 4/4
   519 | D:4      | Got a crude iron ring
   520 | D:4      | Identified the ring "Fokhle Oweuto" {rF+ Stlth+} (You found
                  | it on level 4 of the Dungeon)
   583 | D:4      | Found a shattered altar of Ashenzari.
   660 | D:4      | Found Wab Nucw's Serpentskin Sales.
   660 | D:4      | Noticed a water moccasin
   676 | D:4      | Killed a water moccasin
   676 | D:4      | Reached XP level 6. HP: 39/57 MP: 5/5
   899 | D:4      | Reached skill level 5 in Axes
  1336 | D:5      | Entered Level 5 of the Dungeon
  1382 | D:5      | Found an opulent altar of Gozag.
  1473 | D:5      | Found a glowing golden altar of the Shining One.
  1530 | D:5      | Reached XP level 7. HP: 48/66 MP: 6/6
  1712 | D:5      | Noticed a wyvern
  1716 | D:5      | Reached skill level 5 in Fighting
  1730 | D:5      | Killed a wyvern
  1730 | D:5      | Reached skill level 5 in Armour
  1730 | D:5      | Reached skill level 5 in Shields
  1848 | D:5      | Reached XP level 8. HP: 42/75 MP: 6/6
  2143 | D:6      | Found an ornate altar of the Wu Jian Council.
  2180 | D:6      | Found a staircase to the Ecumenical Temple.
  2208 | Temple   | Entered the Ecumenical Temple
  2266 | Temple   | Became a worshipper of Makhleb the Destroyer
  2337 | D:6      | Reached skill level 1 in Invocations
  2515 | D:6      | Gained mutation: You have large cloven feet. [potion of
                  | mutation]
  2515 | D:6      | Gained mutation: You are partially covered in rugged brown
                  | scales. (AC +1, +3% HP) [potion of mutation]
  3304 | D:7      | Found Fifemao's Antique Armour Boutique.
  3498 | D:7      | Gained mutation: You passively map the area around you.
                  | [Deep Dwarf growth]
  3498 | D:7      | Reached XP level 9. HP: 58/87 MP: 7/7
  3512 | D:7      | Noticed Pikel
  3533 | D:7      | Killed Pikel
  3539 | D:7      | Got a scorched scale mail
  3550 | D:7      | Identified the cursed +1 scale mail of the Peasants {rF+
                  | Dex+6} (You found it on level 7 of the Dungeon)
  3881 | D:8      | Reached skill level 5 in Invocations
  3980 | D:8      | Reached * piety under Makhleb
  4150 | D:8      | Noticed Erica
  4178 | D:8      | Killed Erica
  4303 | D:8      | Reached XP level 10. HP: 57/98 MP: 5/7
  4618 | D:4      | Bought a +2 chain mail of poison resistance for 240 gold
                  | pieces
  5343 | D:9      | Reached ** piety under Makhleb
  5592 | D:9      | Found a staircase to the Lair.
  5674 | D:10     | Entered Level 10 of the Dungeon
  6058 | D:10     | Found an opulent altar of Gozag.
  6357 | D:11     | Reached skill level 10 in Axes
  6394 | D:11     | Reached XP level 11. HP: 107/107 MP: 3/3
  6403 | D:11     | Reached *** piety under Makhleb
  6568 | D:11     | Identified a scroll of acquirement
  6879 | D:11     | Found Neeloiq's Assorted Antiques.
  6882 | D:11     | Bought a potion of might for 148 gold pieces
  7251 | D:12     | Found a runed translucent gate.
  7251 | D:12     | Found a runed translucent gate.
  7253 | D:12     | Noticed a two-headed ogre
  7257 | D:12     | Killed a two-headed ogre
  7257 | D:12     | Reached skill level 10 in Invocations
  7261 | D:12     | Found a runed translucent gate.
  7261 | D:12     | Noticed a 13-headed hydra
  7271 | D:12     | Noticed p0werm0de's ghost (journeyman DDFi)
  7271 | D:12     | Noticed a 12-headed hydra
  7368 | D:12     | Reached **** piety under Makhleb
  7508 | D:12     | Found a staircase to the Orcish Mines.
  7773 | D:13     | Noticed a two-headed ogre
  7781 | D:13     | Killed a two-headed ogre
  7858 | D:13     | Reached XP level 12. HP: 81/119 MP: 6/6
  7862 | D:13     | Reached skill level 10 in Fighting
  7884 | D:13     | Found a gate to the Vaults.
  7884 | D:13     | Noticed a tengu warrior
  7884 | D:13     | Noticed a vault guard
  7884 | D:13     | Noticed a vault guard
  7884 | D:13     | Noticed a vault guard
  7884 | D:13     | Noticed a vault guard
  7895 | D:13     | Killed a vault guard
  7901 | D:13     | Killed a vault guard
  7911 | D:13     | Killed a tengu warrior
  7921 | D:13     | Killed a vault guard
  7929 | D:13     | Killed a vault guard
  7977 | D:13     | Noticed a four-headed hydra
  7981 | D:13     | Killed a seven-headed hydra
  8258 | D:13     | Reached ***** piety under Makhleb
  8625 | D:14     | Noticed a five-headed hydra
  8626 | D:14     | Noticed a centaur warrior
  8631 | D:14     | Killed a centaur warrior
  8663 | D:14     | Killed a 16-headed hydra
  8723 | D:14     | Reached XP level 13. HP: 91/130 MP: 8/8
  8948 | D:14     | Found a runed translucent gate.
  8948 | D:14     | Found a runed translucent gate.
  8948 | D:14     | Found a runed translucent gate.
  8948 | D:14     | Noticed Texzaeze's ghost (journeyman TrTm)
  9225 | D:15     | Entered Level 15 of the Dungeon
  9277 | D:15     | Reached skill level 10 in Shields
  9306 | D:15     | Reached skill level 10 in Armour
  9364 | D:15     | Noticed Nessos
  9383 | D:15     | Killed Nessos
  9435 | D:15     | Found a staircase to the Depths.
  9523 | D:15     | Got a crude golden ring
  9547 | D:15     | Noticed a tengu reaver
  9550 | D:15     | Gained mutation: You resist negative energy. (rN+) [Deep
                  | Dwarf growth]
  9550 | D:15     | Reached XP level 14. HP: 140/140 MP: 7/7
  9557 | D:15     | Killed a tengu reaver
  9585 | D:15     | Found a basalt altar of Yredelemnul.
  9646 | D:15     | Got a translucent pewter ring
  9663 | D:15     | Identified the ring "Emi Uhea" {Dex+3 Stlth-} (You found it
                  | on level 15 of the Dungeon)
  9695 | D:15     | Identified the ring of Bagar {rElec rF+ rN+++ EV+1 Stlth-}
                  | (You found it on level 15 of the Dungeon)
  9711 | D:15     | Found a shattered altar of Ashenzari.
  9755 | D:15     | Got a twitching pewter ring
  9756 | D:15     | Identified the ring "Sugov" {rC+ rN+} (You found it on
                  | level 15 of the Dungeon)
  9799 | D:15     | Noticed Kirke
  9825 | D:15     | Killed Kirke
  9861 | D:15     | Found a shimmering altar of Xom.
  9937 | D:15     | Reached skill level 15 in Invocations
 10114 | D:15     | Noticed a frost giant
 10119 | D:15     | Killed a frost giant
 10294 | Lair:1   | Entered Level 1 of the Lair of Beasts
 10296 | Lair:1   | Reached ****** piety under Makhleb
 10499 | Lair:2   | Found a dark tunnel.
 10508 | Volcano  | Entered a volcano
 10673 | Volcano  | Found a radiant altar of Vehumet.
 10824 | Lair:2   | Reached XP level 15. HP: 143/150 MP: 8/8
 10863 | Lair:2   | Noticed Sonja
 10876 | Lair:2   | Noticed Sonja
 10876 | Lair:2   | Sonja changed into Sonja the big kobold
 10879 | Lair:2   | Killed Sonja the big kobold
 11412 | Lair:3   | Reached skill level 15 in Axes
 11621 | Lair:3   | Noticed Rupert
 11621 | Lair:3   | Paralysed by Rupert for 3 turns
 11633 | Lair:3   | Killed Rupert
 12333 | Lair:4   | Found a staircase to the Snake Pit.
 12498 | Lair:4   | Found a staircase to the Shoals.
 12756 | Lair:5   | Found a staircase to the Slime Pits.
 12781 | Snake:1  | Entered Level 1 of the Snake Pit
 12785 | Snake:1  | Noticed a nagaraja
 12794 | Snake:1  | Killed a nagaraja
 13104 | Snake:2  | Noticed a nagaraja
 13140 | Snake:2  | Killed a nagaraja
 13221 | Snake:2  | Noticed Jorgrun
 13234 | Snake:2  | Killed Jorgrun
 13234 | Snake:2  | Reached XP level 16. HP: 101/162 MP: 8/8
 13341 | Snake:4  | Entered Level 4 of the Snake Pit
 13469 | Snake:4  | Reached XP level 17. HP: 125/173 MP: 9/9
 13685 | Snake:4  | Got a serpentine rune of Zot
 13876 | Shoals:1 | Entered Level 1 of the Shoals
 13980 | Shoals:1 | Found a runed translucent door.
 13981 | Shoals:1 | Noticed Meunluxu's ghost (adept NaFi)
 14122 | Shoals:2 | Reached skill level 1 in Dodging
 14161 | Shoals:2 | Gained mutation: You passively map a large area around you.
                  | [Deep Dwarf growth]
 14161 | Shoals:2 | Reached XP level 18. HP: 95/182 MP: 10/10
 14333 | Shoals:3 | Found a transporter.
 14336 | Shoals:3 | Noticed a Hell Sentinel
 14337 | Shoals:3 | Identified the cursed +0 trident of Headd {distort, rPois
                  | rC+}
 14351 | Shoals:3 | Found a transporter.
 14358 | Shoals:3 | Found a one-way gate to the infinite horrors of the Abyss.
 14400 | Shoals:4 | Entered Level 4 of the Shoals
 14464 | Shoals:4 | Reached skill level 15 in Fighting
 14588 | Shoals:4 | Found a runed translucent door.
 14597 | Shoals:4 | Noticed EnegeticOcto's ghost (journeyman DDFi)
 15403 | Shoals:4 | Got a barnacled rune of Zot
 15427 | Shoals:3 | Noticed Buowofek's ghost (journeyman MiFi)
 15933 | Slime:1  | Entered Level 1 of the Pits of Slime
 15974 | Slime:1  | Gained mutation: You are weak. (Str -2) [a shining eye]
 16045 | Slime:2  | Gained mutation: Your magical capacity is low. (-10% MP) [a
                  | shining eye]
 16264 | Slime:5  | Entered Level 5 of the Pits of Slime
 16266 | Slime:5  | Lost mutation: You are weak. (Str -2) [a shining eye]
 16267 | Slime:5  | Gained mutation: Scrolls take you a little longer to read.
                  | [a shining eye]
 16275 | Slime:5  | Reached skill level 5 in Dodging
 16305 | Slime:5  | Found a viscous altar of Jiyva.
 16309 | Slime:5  | Noticed the Royal Jelly
 16328 | Slime:5  | Killed the Royal Jelly
 16328 | Slime:5  | Reached XP level 19. HP: 135/192 MP: 5/5
 16553 | Slime:5  | Got a slimy rune of Zot
 16555 | Slime:5  | Got a coiled lead ring
 16567 | Slime:5  | Identified the ring of Ascent {MP+9 EV+4 Int+4} (You found
                  | it on level 5 of the Pits of Slime)
 16854 | Depths:1 | Entered Level 1 of the Depths
 16967 | Depths:2 | Found a gateway to Hell.
 17063 | Depths:2 | HP: 8/195 [spriggan defender/+6 war axe of electrocution
                  | (10)]
 17065 | Depths:2 | Slain by a vampire knight

Levels and vault maps discovered:
D:1:      dpeg_arrival_tiny_i, layout_rooms
D:2:      layout_basic
D:3:      layout_basic, first_ration
D:4:      layout_gridville, evilmike_ruin_ashenzari, gup_sewer_entry_spiral,
          dk_noncrumbling_4, guppyfry_shop_venom
D:5:      layout_basic, tso_altar, grunt_gozag_breadcrumbs
D:6:      layout_basic, minmay_temple_entry_glass, basic_altar
D:7:      layout_basic, serial_shops, shop, uniq_pikel
D:8:      layout_basic, minmay_misc_feat_alley, grunt_pizzeria, uniq_erica
D:9:      layout_rooms, david_lair_shrubbed, corexii_leaking_fountain,
          minmay_holes
D:10:     layout_loops_cross, basic_altar
D:11:     layout_gridville, special_room [special_room_bee], serial_shops,
          kennysheep_mini, hangedman_decor_growths
D:12:     layout_gridville, orc_0_dummy, gammafunk_ghost_hydra_chop
D:13:     layout_rooms, lightli_vaults_fourway_checkpoint, hex_intersection,
          kennysheep_big_empty_room, chequers_serial_rivers_small_3
D:14:     layout_roguey, gammafunk_ghost_necromancy,
          minmay_misc_feat_secret_circle
D:15:     hangedman_spin_cycle, uniq_nessos
Temple:   regret_index_temple_chain_breaker
Lair:1:   layout_concentric_octagons, gammafunk_ghost_abyssal_escape,
          lemuel_fruit_tree
Lair:2:   beast_lair_carwin_large_4, layout_regular_city,
          nicolae_volcano_entry_vermiform, uniq_sonja
Lair:3:   layout_roguey, serial_forest, infiniplex_forest_clump_medium,
          infiniplex_forest_straight_3, infiniplex_forest_lined_3,
          infiniplex_forest_straight_2, infiniplex_forest_end_3,
          serial_bayou_shore_a, uniq_rupert
Lair:4:   layout_roguey, minmay_shoals_entry_hut,
          minmay_snake_entry_spellcaster, nicolae_quartered_pool_little,
          beast_lair_carwin_6
Lair:5:   layout_cave_pods, nicolae_slime_entry_slimehenge
Shoals:1: layout_shoals, gammafunk_ghost_grave, hangedman_shoal_volcano,
          uniq_kirke
Shoals:2: layout_shoals, ebering_ghost_xom
Shoals:3: layout_shoals, gammafunk_ghost_abyssal_escape
Shoals:4: shoals_end_grunt_ice, layout_shoals, ebering_ghost_inner_flame
Snake:1:  layout_onion
Snake:2:  layout_basic, uniq_jorgrun
Snake:3:  layout_basic, st_stairs_9, serial_bayou_shore_b, uniq_louise,
          uniq_azrael
Snake:4:  snake_pit, layout_onion_interference, ebering_ghost_rock_garden,
          st_stairs_14
Slime:1:  layout_caves
Slime:2:  layout_caves
Slime:3:  layout_caves
Slime:4:  layout_caves
Slime:5
Depths:1: layout_cave_pools, hangedman_tar_grid_catacomb,
          grunt_pan_entry_spiral, grunt_tower_of_power
Depths:2: grunt_crosshair, layout_cave_shapes, serial_column_ruins,
          column_ruins_portal_astroid, column_ruins_open_small,
          column_ruins_open_tiny, column_ruins_open_small,
          column_ruins_corridor_straight, column_ruins_open_small,
          column_ruins_open_tiny, hell_entry, nicolae_lava_and_water,
          ebering_dispersal_statue_hall, item_on_display_a

Skill      XL: |  1  2  3  4  5  6  7  8  9 10 11 12 13 14 15 16 17 18 19 |
---------------+----------------------------------------------------------+-----
Fighting       | 3 4 5 6 7 8 9 11 12 13 14 16 | 16.6
Axes           | 3 4 5 6 7 8 10 11 12 13 14 15 16 17 18 | 18.0
Armour         | 4 5 6 7 8 9 10 11 12 13 14 | 14.4
Shields        | 4 5 6 7 8 9 10 11 12 13 14 | 14.4
Invocations    | 3 6 9 11 12 14 15 17 18 | 18.5
Dodging        | 1 5 7 |  7.4

Action                   |  1- 3 |  4- 6 |  7- 9 | 10-12 | 13-15 | 16-18 | 19-21 || total
-------------------------+-------+-------+-------+-------+-------+-------+-------++-------
Melee: War axe           |    78 |   152 |   358 |    97 |       |       |       ||   685
       Hand axe          |       |       |       |   144 |       |       |       ||   144
       Broad axe         |       |       |       |   316 |   793 |   690 |   180 ||  1979
Throw: Throwing net      |       |       |       |     1 |       |     3 |       ||     4
Invok: Lesser Servant of |       |       |       |       |    15 |    12 |       ||    27
       Greater Servant o |       |       |       |       |     1 |     2 |     2 ||     5
 Abil: Heal Wounds       |     1 |     5 |    18 |    24 |    17 |    20 |    20 ||   105
Evoke: Wand              |       |       |     2 |     1 |     1 |     4 |       ||     8
  Use: Scroll            |     4 |       |    11 |    12 |     9 |     8 |     2 ||    46
       Potion            |       |       |     1 |       |     2 |     6 |     3 ||    12
 Stab: Distracted        |       |       |       |       |     4 |     3 |     1 ||     8
       Sleeping          |       |       |       |       |       |     1 |     1 ||     2
  Eat: Chunk             |       |     3 |     9 |    14 |    16 |     2 |       ||    44
       Ration            |       |       |       |     1 |       |     5 |       ||     6
Armor: Scale mail        |    38 |    56 |    50 |       |       |       |       ||   144
       Chain mail        |       |       |   201 |   401 |   545 |   372 |   120 ||  1639
Dodge: Dodged            |    25 |    60 |   112 |   213 |   251 |   242 |   160 ||  1063
Block: Kite shield       |    58 |    93 |   290 |   433 |   641 |   561 |   190 ||  2266

Table legend:
 A = Non-vault XP
 B = Vault XP
 C = Vault XP percentage of total XP
 D = Non-vault monster count
 E = Vault monster count
 F = Vault count percentage of total count
                 A         B        C        D         E       F
            +---------+---------+-------+---------+---------+-------
      Total |  201228 |  163240 |  44.8 |     616 |     292 |  32.2
            +---------+---------+-------+---------+---------+-------
        D:1 |       5 |       0 |   0.0 |       2 |       0 |   0.0
        D:2 |      46 |       0 |   0.0 |      13 |       0 |   0.0
        D:3 |      25 |       0 |   0.0 |       7 |       0 |   0.0
        D:4 |     397 |     164 |  29.2 |      19 |       7 |  26.9
        D:5 |     926 |       0 |   0.0 |      24 |       0 |   0.0
        D:6 |     779 |       0 |   0.0 |      19 |       0 |   0.0
        D:7 |     474 |     651 |  57.9 |      11 |       1 |   8.3
        D:8 |    1143 |    1130 |  49.7 |      30 |       2 |   6.2
        D:9 |    1277 |     372 |  22.6 |      19 |       1 |   5.0
       D:10 |    1085 |       0 |   0.0 |      11 |       0 |   0.0
       D:11 |    3305 |    1788 |  35.1 |      32 |      25 |  43.9
       D:12 |    5920 |       0 |   0.0 |      27 |       0 |   0.0
       D:13 |    6411 |    6293 |  49.5 |      32 |      12 |  27.3
       D:14 |   15620 |       0 |   0.0 |      55 |       0 |   0.0
       D:15 |     211 |   46004 |  99.5 |       1 |      78 |  98.7
     Lair:1 |     650 |       0 |   0.0 |       3 |       0 |   0.0
     Lair:2 |    3528 |    4066 |  53.5 |      15 |      16 |  51.6
     Lair:3 |   11717 |    1553 |  11.7 |      31 |       1 |   3.1
     Lair:4 |    9022 |    3108 |  25.6 |      32 |       9 |  22.0
     Lair:5 |     615 |     109 |  15.1 |       3 |       6 |  66.7
   Shoals:1 |   13032 |    3136 |  19.4 |      31 |       9 |  22.5
   Shoals:2 |   12801 |       0 |   0.0 |      24 |       0 |   0.0
   Shoals:3 |    2841 |       0 |   0.0 |       7 |       0 |   0.0
   Shoals:4 |   14334 |   19099 |  57.1 |      31 |      33 |  51.6
    Snake:1 |    7652 |       0 |   0.0 |      13 |       0 |   0.0
    Snake:2 |   12784 |    2676 |  17.3 |      18 |       1 |   5.3
    Snake:3 |    3141 |       0 |   0.0 |       6 |       0 |   0.0
    Snake:4 |    7512 |   33849 |  81.8 |      14 |      50 |  78.1
    Slime:1 |    9523 |       0 |   0.0 |      20 |       0 |   0.0
    Slime:2 |   12050 |       0 |   0.0 |      18 |       0 |   0.0
    Slime:3 |    6062 |       0 |   0.0 |       4 |       0 |   0.0
    Slime:4 |    1990 |       0 |   0.0 |       1 |       0 |   0.0
    Slime:5 |    7765 |   28568 |  78.6 |       7 |      13 |  65.0
   Depths:1 |   21376 |       0 |   0.0 |      25 |       0 |   0.0
   Depths:2 |    5209 |    6716 |  56.3 |      11 |      10 |  47.6
    Volcano |       0 |    3958 | 100.0 |       0 |      18 | 100.0
            +---------+---------+-------+---------+---------+-------
